cohdb
Replays
Latest Replays
All Replays
Popular Replays
Top Player Replays
Match Explorer
How It Works
Community
CoH3 Stats
Reddit
Sign in to upload your games and track your stats! →
Sign in with Steam
Match 43124395
Unlisted
Match 43124395
Overview
Messages
Build Orders
End
Royal Engineer Section
Construct Section Command Post
Infantry Section
Selects Air and Sea Battlegroup
Infantry Section
Selects Supply Surplus
Construct Resource Cache
Construct Resource Cache
Construct Resource Cache
Grenade Package
Infantry Section
Construct Resource Cache
Construct Platoon Command Post
Construct Company Command Post
Crusader II Medium Tank
Construct Field Infirmary
Crusader II Medium Tank
Crusader II Medium Tank
Crusader II Medium Tank
Selects UNKNOWN (223837)
Selects Naval Bombardment
Naval Bombardment
Crusader II Medium Tank
Selects Commando Section Paradrop
Selects M1 Pack Howitzer Paradrop
Centaur IV Medium Tank
Team Weapon Training
Naval Bombardment
Zoomer
gicobiwolfe
Blanco
MoriMusic
KingdomKobra
Katunar
Henkolicious
BLACK.DRAGON
0
0
Comments
sign in to comment!
No comments posted yet!